ESL (28 & UNDER)
WILMINGTON REBELS @ PENQUANNOCK OVERRATED JETER
08/19/2026
 
TOP OF THE 1ST
Wilmington Rebels batting - Pitching for Penquannock Overrated Jeter : RHP Dave Nelson
Pitching: RHP Dave Nelson
Batting: RHB Jesús Cabrera 0-0: Ball
1-0: Called Strike
1-1: Swinging Strike
1-2: Strikes out swinging
Batting: RHB Jeff Jones 0-0: Ball
1-0: Ball
2-0: Swinging Strike
2-1: DOUBLE (Line Drive, 7D)
Batting: RHB Enrico Bonizo 0-0: Swinging Strike
0-1: SINGLE (Flyball, 8RS)
Jeff Jones to third
Batting: LHB Denny Poole 0-0: Ball
1-0: Swinging Strike
1-1: Foul Ball, location: 2F
1-2: Ball
2-2: Strikes out looking
Batting: RHB Carlos Ordóñez 0-0: Called Strike
0-1: Ball
1-1: Ball
2-1: Fly out, F9 (Flyball, 89M)
Top of the 1st over - 0 run(s), 2 hit(s), 0 error(s), 2 left on base; Wilmington 0 - Penquannock 0
BOTTOM OF THE 1ST
Penquannock Overrated Jeter batting - Pitching for Wilmington Rebels : RHP Thomas Dent
Pitching: RHP Thomas Dent
Batting: RHB António Rodríguez 0-0: Foul Ball, location: 2F
0-1: DOUBLE (Flyball, 89D)
Batting: SHB Caden Keith 0-0: Ground out U3 (Groundball, 3)
António Rodríguez to third
Batting: RHB Doug Brown 0-0: Ball
1-0: Called Strike
1-1: Ball
2-1: Foul Ball, location: 2F
2-2: SINGLE (Line Drive, 6M)
António Rodríguez scores
Batting: LHB Ron Robinson 0-0: DOUBLE (Groundball, 3L)
Doug Brown to third
Batting: LHB Pete Weber 0-0: Ball
1-0: Foul Ball, location: 2F
1-1: Ground out U3 (Groundball, 3L)
Batting: LHB Tony Green 0-0: Foul Ball, location: 2F
0-1: Fly out, F8 (Flyball, 8RD)
Bottom of the 1st over - 1 run(s), 3 hit(s), 0 error(s), 2 left on base; Wilmington 0 - Penquannock 1
TOP OF THE 2ND
Wilmington Rebels batting - Pitching for Penquannock Overrated Jeter : RHP Dave Nelson
Batting: RHB Al Reese 0-0: Ball
1-0: Called Strike
1-1: Ball
2-1: Ball
Single, Error in OF, E7, batter to second base
Batting: LHB Ramón Benítez 0-0: Ball
1-0: Called Strike
1-1: Ball
2-1: Fly out, F9 (Flyball, 9LM)
Runner from 2nd tags up, SAFE at 3rd with throw
Batting: LHB Tim Bruce 0-0: Ground out 4-3 (Groundball, 4)
Al Reese scores
Batting: RHB Bob Lazzeri 0-0: Ball
1-0: Fly out, F5 (Popup, 5S)
Top of the 2nd over - 1 run(s), 1 hit(s), 1 error(s), 0 left on base; Wilmington 1 - Penquannock 1
BOTTOM OF THE 2ND
Penquannock Overrated Jeter batting - Pitching for Wilmington Rebels : RHP Thomas Dent
Batting: RHB Tim Hanson 0-0: Ball
1-0: Foul Ball, location: 2F
1-1: Ball
2-1: Ground out 2-3 (Groundball, 2L)
Batting: RHB Armando Pagán 0-0: Ball
1-0: Fly out, F3 (Popup, 3L)
Batting: LHB Dave Pitts 0-0: Called Strike
0-1: Ball
1-1: Swinging Strike
1-2: Ball
2-2: Foul Ball, location: 2F
2-2: Ball
3-2: Foul Ball, location: 2F
3-2: Strikes out looking
Bottom of the 2nd over - 0 run(s), 0 hit(s), 0 error(s), 0 left on base; Wilmington 1 - Penquannock 1
TOP OF THE 3RD
Wilmington Rebels batting - Pitching for Penquannock Overrated Jeter : RHP Dave Nelson
Batting: RHB Jesús Cabrera 0-0: Swinging Strike
0-1: Ball
1-1: Ball
2-1: Called Strike
2-2: Fly out, F7 (Flyball, 7M)
Batting: RHB Jeff Jones 0-0: Called Strike
0-1: Ball
1-1: Fly out, F9 (Flyball, 89D)
Batting: RHB Enrico Bonizo 0-0: Called Strike
0-1: Ball
1-1: Swinging Strike
1-2: Strikes out swinging
Top of the 3rd over - 0 run(s), 0 hit(s), 0 error(s), 0 left on base; Wilmington 1 - Penquannock 1
BOTTOM OF THE 3RD
Penquannock Overrated Jeter batting - Pitching for Wilmington Rebels : RHP Thomas Dent
Batting: RHB António Rodríguez 0-0: Foul Ball, location: 2F
0-1: Ball
1-1: Ground out 6-3 (Groundball, 6S)
Batting: SHB Caden Keith 0-0: Fly out, F6 (Popup, 6MS)
Batting: RHB Doug Brown 0-0: Fly out, F1 (Popup, 23)
Bottom of the 3rd over - 0 run(s), 0 hit(s), 0 error(s), 0 left on base; Wilmington 1 - Penquannock 1
TOP OF THE 4TH
Wilmington Rebels batting - Pitching for Penquannock Overrated Jeter : RHP Dave Nelson
Batting: LHB Denny Poole 0-0: Foul Ball, location: 2F
0-1: Reached on Error, E4 (Line Drive, 4)
Batting: RHB Carlos Ordóñez 0-0: Foul Ball, location: 2F
0-1: Foul Ball, location: 2F
0-2: Foul Ball, location: 2F
0-2: Ball
1-2: Strikes out swinging
Batting: RHB Al Reese 0-0: Ball
1-0: SINGLE (Line Drive, 8LS)
Denny Poole to second
Batting: LHB Ramón Benítez 0-0: Called Strike
0-1: Called Strike
0-2: Ball
1-2: Fly out, F8 (Line Drive, 8LM)
Batting: LHB Tim Bruce 0-0: Foul Ball, location: 2F
0-1: Ball
1-1: Ground out 5-3 (Groundball, 56)
Top of the 4th over - 0 run(s), 1 hit(s), 1 error(s), 2 left on base; Wilmington 1 - Penquannock 1
BOTTOM OF THE 4TH
Penquannock Overrated Jeter batting - Pitching for Wilmington Rebels : RHP Thomas Dent
Batting: LHB Ron Robinson 0-0: Fly out, F7 (Flyball, 7LD)
Batting: LHB Pete Weber 0-0: Ball
1-0: Ball
2-0: Called Strike
2-1: Ball
3-1: Called Strike
3-2: Foul Ball, location: 2F
3-2: Strikes out swinging
Batting: LHB Tony Green 0-0: Ball
1-0: Ball
2-0: SOLO HOME RUN (Flyball, 89XD), Distance : 407 ft
Batting: RHB Tim Hanson 0-0: Ball
1-0: Fly out, F2 (Popup, 25F)
Bottom of the 4th over - 1 run(s), 1 hit(s), 0 error(s), 0 left on base; Wilmington 1 - Penquannock 2
TOP OF THE 5TH
Wilmington Rebels batting - Pitching for Penquannock Overrated Jeter : RHP Dave Nelson
Batting: RHB Bob Lazzeri 0-0: Ball
1-0: Ground out 5-3 (Groundball, 6)
Batting: RHB Jesús Cabrera 0-0: Ball
1-0: Ball
2-0: Called Strike
2-1: Swinging Strike
2-2: Ball
3-2: Fly out, F7 (Flyball, 78S)
Batting: RHB Jeff Jones 0-0: Swinging Strike
0-1: Swinging Strike
0-2: Foul Ball, location: 2F
0-2: Ball
1-2: Foul Ball, location: 2F
1-2: Fly out, F9 (Flyball, 89M)
Top of the 5th over - 0 run(s), 0 hit(s), 0 error(s), 0 left on base; Wilmington 1 - Penquannock 2
BOTTOM OF THE 5TH
Penquannock Overrated Jeter batting - Pitching for Wilmington Rebels : RHP Thomas Dent
Batting: RHB Armando Pagán 0-0: Called Strike
0-1: Called Strike
0-2: Ball
1-2: Ball
2-2: SINGLE (Groundball, 34)
Batting: LHB Dave Pitts 0-0: Foul Ball, location: 2F
0-1: Ball
1-1: Called Strike
Armando Pagán is caught stealing 2nd base
1-2: Ground out 5-3 (Groundball, 56)
Batting: RHB António Rodríguez 0-0: Called Strike
0-1: Ground out 5-3 (Groundball, 56)
Bottom of the 5th over - 0 run(s), 1 hit(s), 0 error(s), 0 left on base; Wilmington 1 - Penquannock 2
TOP OF THE 6TH
Wilmington Rebels batting - Pitching for Penquannock Overrated Jeter : RHP Dave Nelson
Batting: RHB Enrico Bonizo 0-0: Ball
1-0: Fly out, F8 (Flyball, 8LM)
Batting: LHB Denny Poole 0-0: Fly out, F7 (Flyball, 78M)
Batting: RHB Carlos Ordóñez 0-0: Ball
1-0: Ball
2-0: Ball
3-0: Called Strike
3-1: Base on Balls
Pitching: RHP Joaquín Rojas
Batting: RHB Al Reese 0-0: Swinging Strike
0-1: Ball
1-1: Ground out 3-1 (Groundball, 34S)
Top of the 6th over - 0 run(s), 0 hit(s), 0 error(s), 1 left on base; Wilmington 1 - Penquannock 2
BOTTOM OF THE 6TH
Penquannock Overrated Jeter batting - Pitching for Wilmington Rebels : RHP Thomas Dent
Batting: SHB Caden Keith 0-0: Ball
1-0: Ball
2-0: Ball
3-0: Base on Balls
Batting: RHB Doug Brown 0-0: Ball
1-0: Swinging Strike
1-1: Ball
2-1: Grounds into double play, 5-4-3 (Groundball, 5)
Batting: LHB Ron Robinson 0-0: SINGLE (Groundball, 2L) (infield hit)
Batting: LHB Pete Weber 0-0: SINGLE (Flyball, 6MD)
Ron Robinson to second
Batting: LHB Tony Green 0-0: Swinging Strike
0-1: Foul Ball, location: 2F
0-2: Ball
1-2: Foul Ball, location: 2F
1-2: Ball
2-2: Foul Ball, location: 2F
2-2: SINGLE (Flyball, 89S)
Ron Robinson to third
Pete Weber to second
Runner from 3rd tries for Home, SAFE, no throw or cutoff
Batting: RHB Tim Hanson 0-0: Ball
1-0: Called Strike
1-1: SINGLE (Groundball, 6)
Pete Weber to third
Tony Green to second
Runner from 3rd tries for Home, SAFE, no throw or cutoff
Batting: RHB Armando Pagán 0-0: Foul Ball, location: 2F
0-1: Called Strike
0-2: Strikes out swinging
Bottom of the 6th over - 2 run(s), 4 hit(s), 0 error(s), 2 left on base; Wilmington 1 - Penquannock 4
TOP OF THE 7TH
Wilmington Rebels batting - Pitching for Penquannock Overrated Jeter : RHP Joaquín Rojas
Batting: LHB Ramón Benítez 0-0: Ball
1-0: Foul Ball, location: 2F
1-1: Ball
2-1: Ball
3-1: Foul Ball, location: 2F
3-2: Foul Ball, location: 2F
3-2: DOUBLE (Line Drive, 78D)
Batting: LHB Tim Bruce 0-0: Foul Ball, location: 2F
0-1: Ball
1-1: SINGLE (Line Drive, 9LS)
Ramón Benítez to third
Runner from 3rd tries for Home, SAFE, no throw or cutoff
Batting: RHB Bob Lazzeri 0-0: Swinging Strike
0-1: Sac Bunt - play at first, batter OUT! 1-3
Tim Bruce to second
Batting: RHB Jesús Cabrera 0-0: SINGLE (Flyball, 89S)
Tim Bruce to third
Pinch Hitting: RHB Vicente Valentín 0-0: Ball
1-0: Called Strike
1-1: Grounds into double play, 6-4-3 (Groundball, 6)
Top of the 7th over - 1 run(s), 3 hit(s), 0 error(s), 1 left on base; Wilmington 2 - Penquannock 4
BOTTOM OF THE 7TH
Penquannock Overrated Jeter batting - Pitching for Wilmington Rebels : RHP Thomas Dent
Now at 3B: Roy MacCluskie
Batting: LHB Dave Pitts 0-0: Called Strike
0-1: Ball
1-1: Ball
2-1: Ball
3-1: Base on Balls
Batting: RHB António Rodríguez 0-0: Sac Bunt - play at first, batter OUT! U3
Dave Pitts to second
Batting: SHB Caden Keith 0-0: Intentional Walk
Batting: RHB Doug Brown 0-0: Called Strike
0-1: Foul Ball, location: 2F
0-2: Ball
1-2: Ball
2-2: Fly out, F9 (Flyball, 9M)
2-2: Lined into DP, 9-6 (Flyball, 9M)
Bottom of the 7th over - 0 run(s), 0 hit(s), 0 error(s), 1 left on base; Wilmington 2 - Penquannock 4
TOP OF THE 8TH
Wilmington Rebels batting - Pitching for Penquannock Overrated Jeter : RHP Joaquín Rojas
Batting: RHB Enrico Bonizo 0-0: Ball
1-0: Foul Ball, location: 2F
1-1: Ball
2-1: Ground out 5-3 (Groundball, 5)
Batting: LHB Denny Poole 0-0: Swinging Strike
0-1: Ball
1-1: Ball
2-1: Foul Ball, location: 2F
2-2: Foul Ball, location: 2F
2-2: Strikes out swinging
Batting: RHB Carlos Ordóñez 0-0: Ball
1-0: Ball
2-0: Foul Ball, location: 2F
2-1: Ball
3-1: Called Strike
3-2: Ground out 4-3 (Groundball, 4)
Top of the 8th over - 0 run(s), 0 hit(s), 0 error(s), 0 left on base; Wilmington 2 - Penquannock 4
BOTTOM OF THE 8TH
Penquannock Overrated Jeter batting - Pitching for Wilmington Rebels : RHP Thomas Dent
Pitching: LHP Edwin King
Batting: LHB Ron Robinson 0-0: Ball
1-0: Ball
2-0: Called Strike
2-1: Ball
3-1: Foul Ball, location: 2F
3-2: Foul Ball, location: 2F
3-2: Strikes out swinging
Batting: LHB Pete Weber 0-0: Ball
1-0: Ball
2-0: Fly out, F7 (Flyball, 78D)
Batting: LHB Tony Green 0-0: Called Strike
0-1: Foul Ball, location: 2F
0-2: Strikes out swinging
Bottom of the 8th over - 0 run(s), 0 hit(s), 0 error(s), 0 left on base; Wilmington 2 - Penquannock 4
TOP OF THE 9TH
Wilmington Rebels batting - Pitching for Penquannock Overrated Jeter : RHP Joaquín Rojas
Batting: RHB Al Reese 0-0: Called Strike
0-1: Ball
1-1: Ball
2-1: Ball
3-1: Foul Ball, location: 2F
3-2: Base on Balls
Pinch Hitting: LHB David Cháves 0-0: Ball
1-0: Foul Ball, location: 2F
1-1: Ball
2-1: Called Strike
2-2: Foul Ball, location: 2F
2-2: Strikes out swinging
Pitching: RHP Toshikuni Nishimura
Batting: LHB Tim Bruce 0-0: Ball
1-0: Ball
2-0: Ball
3-0: Called Strike
3-1: Base on Balls
Al Reese to second
Pinch Hitting: LHB Chandler Hubbard 0-0: Fly out, F8 (Flyball, 8RS)
Batting: RHB Jesús Cabrera 0-0: Called Strike
0-1: Ground out 5-3 (Groundball, 5S)
Top of the 9th over - 0 run(s), 0 hit(s), 0 error(s), 2 left on base; Wilmington 2 - Penquannock 4
Monday, December 5th, 2016 - OOTP Baseball 17.12 Build 75